BUFFALO Sabres vs DALLAS Stars

Created - 14 avril 2024 at 19:49

Goals
1 2 3 OT1 T
BUFFALO Sabres 1 1 0 1 3
DALLAS Stars 1 1 0 0 2
Shots
1 2 3 OT1 T
BUFFALO Sabres 16 9 8 1 34
DALLAS Stars 13 3 7 4 27

1st period

1. DALLAS Stars , Conor Timmins 6 (Peyton Krebs 44, Aliaksei Protas 14) at 3:17
2. BUFFALO Sabres , Valeri Nichushkin 21 (Nico Hischier 47, Jesper Bratt 41) at 14:18

Penalties :
Jack Eichel (BUF) for Tripping (Minor) at 14:34, Nico Hischier (BUF) for Holding (Minor) at 17:40

2nd period

3. BUFFALO Sabres , Jesper Bratt 19 (Jonas Brodin 47, Ivan Provorov 46) at 0:30
4. DALLAS Stars , Paul Cotter 11 (Cam Atkinson 14, Sean Walker 21) at 3:28

Penalties :
Sean Walker (DAL) for Tripping (Minor) at 0:57, Brendan Gallagher (DAL) for Tripping (Minor) at 7:41, Sean Walker (DAL) for Roughing (Minor) at 11:49, Peyton Krebs (DAL) for Slashing (Minor) at 15:10

3rd period

No Goal

Penalties :
Jakob Chychrun (BUF) for Roughing (Minor) at 2:08, Jonas Brodin (BUF) for Hooking (Minor) at 8:41, Brett Kulak (BUF) for Tripping (Minor) at 19:42

Overtime #1

5. BUFFALO Sabres , Alex Tuch 31 (Jonas Brodin 48, Nick Bjugstad 7) at 2:15

Penalties :
No Penalty

Goalie Stats

Igor Shesterkin (BUF), 25 saves from 27 shots - (0,926), W, 50-23-2, 62:16 minutes
Matthew Villalta (DAL), 31 saves from 34 shots - (0,912), OTL, 6-32-1, 62:16 minutes

Players Stats for BUFFALO Sabres

Player Name              G  A  P  +/- PIM S  H  SB GA TA FO     MP     PP MP  PK MP  
------------------------------------------------------------------------------------
Alex Tuch                1  0  1   1  0   2  1  0  0  0  0/3    21:56   4:19   3:13 
Brett Kulak              0  0  0  -1  2   2  2  0  0  0  0/0    18:19   0:00   3:26 
Curtis Lazar             0  0  0  -2  0   1  2  0  0  0  0/1     8:50   0:00   0:39 
Filip Hronek             0  0  0   0  0   2  5  1  0  0  0/0    17:29   3:20   0:36 
Ivan Provorov            0  1  1   1  0   3  0  3  0  0  0/0    25:02   4:36   4:48 
Jack Eichel              0  0  0   0  2   4  3  0  0  0  12/18  17:26   3:37   0:00 
Jakob Chychrun           0  0  0  -1  2   0  4  1  0  0  0/0    15:31   0:00   0:38 
Jesper Bratt             1  1  2   2  0   5  0  0  0  0  1/3    16:30   4:19   0:00 
Jonas Brodin             0  2  2   2  2   4  1  0  0  0  0/0    25:28   4:36   5:09 
Logan O'Connor           0  0  0   0  0   0  2  0  0  0  0/0    14:39   0:00   5:00 
Mason McTavish           0  0  0  -2  0   1  0  0  0  0  0/0     8:11   0:00   0:00 
Nick Bjugstad            0  1  1  -1  0   0  1  0  0  0  7/14   11:45   0:00   3:00 
Nico Hischier            0  1  1   2  2   2  0  0  0  0  16/29  22:45   4:19   6:16 
Patrick Kane             0  0  0   0  0   2  0  0  0  0  0/0    13:50   0:00   0:00 
Ryan Graves              0  0  0   0  0   3  1  0  0  0  0/0    22:06   3:20   5:13 
Seth Jarvis              0  0  0   0  0   0  0  0  0  0  1/3     9:39   0:00   0:00 
Tage Thompson            0  0  0   0  0   1  1  0  0  0  6/9    13:16   3:37   0:00 
Valeri Nichushkin        1  0  1   2  0   2  2  0  0  0  0/0    15:48   3:37   0:00 

Players Stats for DALLAS Stars

Player Name              G  A  P  +/- PIM S  H  SB GA TA FO     MP     PP MP  PK MP  
------------------------------------------------------------------------------------
Alexander Radulov        0  0  0   0  0   1  0  0  0  0  4/8     9:28   0:00   1:34 
Aliaksei Protas          0  1  1   1  0   0  2  0  0  0  0/2    22:06   3:44   4:33 
Andreas Johnsson         0  0  0   0  0   2  0  0  0  0  0/1     7:54   0:00   0:00 
Ben Hutton               0  0  0   0  0   2  1  4  0  0  0/0    21:43   4:26   4:43 
Brendan Gallagher        0  0  0  -1  2   1  1  0  0  0  1/2    14:45   1:28   1:46 
Cam Atkinson             0  1  1   0  0   2  0  0  0  0  0/0    10:42   0:00   0:00 
Conor Timmins            1  0  1  -1  0   2  2  1  0  0  0/0    23:29   4:44   3:58 
Darren Raddysh           0  0  0   0  0   0  1  0  0  0  0/0    14:51   0:00   0:06 
Emil Bemstrom            0  0  0  -2  0   3  0  0  0  0  1/2    17:33   3:17   0:54 
Grigori Denisenko        0  0  0   0  0   1  1  0  0  0  2/8    16:30   4:22   4:14 
Jesperi Kotkaniemi       0  0  0  -1  0   3  0  2  0  0  13/20  17:24   4:22   0:00 
Juuso Valimaki           0  0  0   0  0   1  7  1  0  0  0/0    25:36   3:13   3:37 
Nicklas Backstrom        0  0  0  -1  0   0  0  0  0  0  0/1    11:32   0:16   0:00 
Paul Cotter              1  0  1   0  0   2  0  0  0  0  5/10   10:42   0:00   0:00 
Peyton Krebs             0  1  1   1  2   3  1  0  0  0  8/22   17:29   3:35   0:00 
Ryan Suter               0  0  0   0  0   3  2  1  0  0  0/0    22:44   3:29   1:01 
Sean Walker              0  1  1   0  4   0  6  1  0  0  0/0    15:33   0:34   2:27 
Sonny Milano             0  0  0   1  0   1  1  0  0  0  3/4    20:29   3:35   2:51 

3 Stars

1 - Jesper Bratt (BUF)
2 - Valeri Nichushkin (BUF)
3 - Alex Tuch (BUF)

Power Play

BUFFALO Sabres - 0 on 4 Attempt(s) - 0,00%
DALLAS Stars - 0 on 5 Attempt(s) - 0,00%

Penalty Kill

BUFFALO Sabres - 5 on 5 Attempt(s) - 100,00% - Score 0 goal in Penalty Kill
DALLAS Stars - 4 on 4 Attempt(s) - 100,00% - Score 0 goal in Penalty Kill

Team Stat

BUFFALO Sabres - Hits : 25 - Faceoff Wins : 43 - Blocked Shots : 5 - Penalty Minutes : 10
DALLAS Stars - Hits : 25 - Faceoff Wins : 37 - Blocked Shots : 10 - Penalty Minutes : 8

Official

Referees : Phillip Brooks and Peter MacDougall
Linesman : Ryan Galloway and Kyle Flemington

Game Notes

No Game Note

Finance

Level 1 -- Attendance: 3834 (58,98%) -- Ticket Income $460,080
Level 2 -- Attendance: 3915 (65,25%) -- Ticket Income $266,220
Level 3 -- Attendance: 2209 (55,23%) -- Ticket Income $75,106
Level 4 -- Attendance: 2296 (51,02%) -- Ticket Income $68,880
Luxury Box -- Attendance: 721 (72,10%) -- Ticket Income $158,620
Game was played at the American Airlines Center.
Total Attendance: 12975 (58,98%)
Total Ticket Income: $1,028,906
Other Income: $257,226
Total Income: $1,286,132

BUFFALO Sabres

5 vs 5 Forward 
   Center                   Left Wing                Right Wing               Time % Phy DF OF 
 1 Jack Eichel              Alex Tuch                Patrick Kane             37     0   2  3  
 2 Nico Hischier            Valeri Nichushkin        Jesper Bratt             33     0   2  3  
 3 Tage Thompson            Seth Jarvis              Logan O'Connor           20     1   2  2  
 4 Nick Bjugstad            Mason McTavish           Curtis Lazar             10     1   2  2  

5 vs 5 Defense 
   Defense                  Defense                                           Time % Phy DF OF 
 1 Ivan Provorov            Jonas Brodin                                      40     1   2  2  
 2 Ryan Graves              Filip Hronek                                      30     1   2  2  
 3 Jakob Chychrun           Brett Kulak                                       20     1   3  1  
 4 Ivan Provorov            Jonas Brodin                                      10     1   3  1  

PowerPlay Forward 
   Center                   Left Wing                Right Wing               Time % Phy DF OF 
 1 Nico Hischier            Alex Tuch                Jesper Bratt             60     1   2  2  
 2 Jack Eichel              Valeri Nichushkin        Tage Thompson            40     1   2  2  

PowerPlay Defense
   Defense                  Defense                                           Time % Phy DF OF 
 1 Ivan Provorov            Jonas Brodin                                      60     1   2  2  
 2 Ryan Graves              Filip Hronek                                      40     1   2  2  

Penalty Kill 4 Players Forward 
   Center                   Wing                     Time % Phy DF OF 
 1 Nico Hischier            Logan O'Connor           60     1   2  2  
 2 Nick Bjugstad            Alex Tuch                40     1   2  2  

Penalty Kill 4 Players Defense
   Defense                  Defense                  Time % Phy DF OF 
 1 Ivan Provorov            Jonas Brodin             60     1   2  2  
 2 Brett Kulak              Ryan Graves              40     1   2  2  

Penalty Kill - 3 Players Forward 
   Forward                                           Time % Phy DF OF 
 1 Nico Hischier                                     60     1   2  2  
 2 Nick Bjugstad                                     40     1   2  2  

Penalty Kill - 3 Players Defense
   Defense                  Defense                  Time % Phy DF OF 
 1 Ivan Provorov            Jonas Brodin             60     1   2  2  
 2 Brett Kulak              Ryan Graves              40     1   2  2  

4 vs 4 Forward 
   Center                   Wing                     Time % Phy DF OF 
 1 Nico Hischier            Tage Thompson            60     1   2  2  
 2 Jack Eichel              Jesper Bratt             40     1   2  2  

4 vs 4 Defense
   Defense                  Defense                  Time % Phy DF OF 
 1 Ivan Provorov            Jonas Brodin             60     1   2  2  
 2 Ryan Graves              Filip Hronek             40     1   2  2  

Last Minutes Offensive
   Center                   Left Wing                Right Wing               Defense                  Defense                  
   Nico Hischier            Alex Tuch                Jesper Bratt             Ivan Provorov            Jonas Brodin             

Last Minutes Defensive
   Center                   Left Wing                Right Wing               Defense                  Defense                  
   Nico Hischier            Logan O'Connor           Nick Bjugstad            Ivan Provorov            Jonas Brodin             

Goaltenders
Starting : Igor Shesterkin          
Backup : Connor Ingram            

Extra Forwards
Normal : Jack Eichel, Nico Hischier, Tage Thompson - PP : Jack Eichel, Nico Hischier - PK : Nico Hischier
Extra Defensemen
Normal : Ivan Provorov, Jonas Brodin, Jakob Chychrun - PP : Ivan Provorov - PK : Ryan Graves, Jonas Brodin
Penalty Shots
Nico Hischier, Tage Thompson, Alex Tuch, Jesper Bratt, Jack Eichel

Scratches
Henri Jokiharju (Healthy)

DALLAS Stars

5 vs 5 Forward 
   Center                   Left Wing                Right Wing               Time % Phy DF OF 
 1 Peyton Krebs             Sonny Milano             Aliaksei Protas          35     1   2  2  
 2 Jesperi Kotkaniemi       Emil Bemstrom            Brendan Gallagher        30     1   2  2  
 3 Paul Cotter              Nicklas Backstrom        Cam Atkinson             20     1   2  2  
 4 Alexander Radulov        Andreas Johnsson         Grigori Denisenko        15     1   2  2  

5 vs 5 Defense 
   Defense                  Defense                                           Time % Phy DF OF 
 1 Juuso Valimaki           Ryan Suter                                        40     1   1  3  
 2 Darren Raddysh           Conor Timmins                                     30     1   2  2  
 3 Sean Walker              Ben Hutton                                        20     2   2  1  
 4 Conor Timmins            Darren Raddysh                                    10     1   2  2  

PowerPlay Forward 
   Center                   Left Wing                Right Wing               Time % Phy DF OF 
 1 Jesperi Kotkaniemi       Grigori Denisenko        Aliaksei Protas          60     1   2  2  
 2 Peyton Krebs             Sonny Milano             Emil Bemstrom            40     1   2  2  

PowerPlay Defense
   Defense                  Defense                                           Time % Phy DF OF 
 1 Juuso Valimaki           Ryan Suter                                        60     1   2  2  
 2 Ben Hutton               Conor Timmins                                     40     1   1  3  

Penalty Kill 4 Players Forward 
   Center                   Wing                     Time % Phy DF OF 
 1 Grigori Denisenko        Aliaksei Protas          60     1   2  2  
 2 Sonny Milano             Brendan Gallagher        40     1   2  2  

Penalty Kill 4 Players Defense
   Defense                  Defense                  Time % Phy DF OF 
 1 Ben Hutton               Sean Walker              60     1   2  2  
 2 Conor Timmins            Juuso Valimaki           40     1   2  2  

Penalty Kill - 3 Players Forward 
   Forward                                           Time % Phy DF OF 
 1 Grigori Denisenko                                 60     1   2  2  
 2 Aliaksei Protas                                   40     1   2  2  

Penalty Kill - 3 Players Defense
   Defense                  Defense                  Time % Phy DF OF 
 1 Darren Raddysh           Ryan Suter               60     1   2  2  
 2 Sean Walker              Ben Hutton               40     1   2  2  

4 vs 4 Forward 
   Center                   Wing                     Time % Phy DF OF 
 1 Jesperi Kotkaniemi       Emil Bemstrom            60     1   2  2  
 2 Peyton Krebs             Brendan Gallagher        40     1   2  2  

4 vs 4 Defense
   Defense                  Defense                  Time % Phy DF OF 
 1 Darren Raddysh           Juuso Valimaki           60     1   2  2  
 2 Conor Timmins            Ryan Suter               40     1   2  2  

Last Minutes Offensive
   Center                   Left Wing                Right Wing               Defense                  Defense                  
   Peyton Krebs             Grigori Denisenko        Aliaksei Protas          Conor Timmins            Juuso Valimaki           

Last Minutes Defensive
   Center                   Left Wing                Right Wing               Defense                  Defense                  
   Grigori Denisenko        Aliaksei Protas          Brendan Gallagher        Darren Raddysh           Ryan Suter               

Goaltenders
Starting : Matthew Villalta         
Backup : Carter Hart              

Extra Forwards
Normal : Aliaksei Protas, Peyton Krebs, Alexander Radulov - PP : Aliaksei Protas, Peyton Krebs - PK : Alexander Radulov
Extra Defensemen
Normal : Sean Walker, Juuso Valimaki, Conor Timmins - PP : Sean Walker - PK : Juuso Valimaki, Conor Timmins
Penalty Shots
Aliaksei Protas, Jesperi Kotkaniemi, Sonny Milano, Nicklas Backstrom, Peyton Krebs

Scratches
Zach Senyshyn (Healthy)

% Time on Ice - BUFFALO Sabres

Lines # - Real PCT - Wanted PCT - Time Play
Normal Forward
1 - 32% - 37% - 13:50
2 - 28% - 33% - 12:11
3 - 22% - 20% - 9:39
4 - 19% - 10% - 8:11
Normal Defense
1 - 34% - 40% - 14:46
2 - 31% - 30% - 13:33
3 - 34% - 20% - 14:54
4 - 1% - 10% - 0:38
PP Forward
1 - 54% - 60% - 4:19
2 - 46% - 40% - 3:37
PP Defense
1 - 58% - 60% - 4:36
2 - 42% - 40% - 3:20
PK Forward
1 - 83% - 60% - 6:47
2 - 17% - 40% - 1:26
PK Defense
1 - 60% - 60% - 4:55
2 - 40% - 40% - 3:18
PK3 Forward
1 - 94% - 60% - 1:36
2 - 6% - 40% - 0:06
PK3 Defense
1 - 23% - 60% - 0:23
2 - 77% - 40% - 1:19
44 Forward
1 - 0% - 60%
2 - 0% - 40%
44 Defense
1 - 0% - 60%
2 - 0% - 40%
Last Minute Offensive  - 0:00
Last Minute Defensive  - 0:00
Total
Forward - 61:42
Defense - 61:42

% Time on Ice - DALLAS Stars

Lines # - Real PCT - Wanted PCT - Time Play
Normal Forward
1 - 32% - 35% - 13:49
2 - 26% - 30% - 11:26
3 - 24% - 20% - 10:42
4 - 18% - 15% - 7:54
Normal Defense
1 - 40% - 40% - 17:38
2 - 29% - 30% - 12:43
3 - 29% - 20% - 12:34
4 - 2% - 10% - 0:56
PP Forward
1 - 56% - 60% - 4:38
2 - 44% - 40% - 3:35
PP Defense
1 - 42% - 60% - 3:29
2 - 58% - 40% - 4:44
PK Forward
1 - 64% - 60% - 5:05
2 - 36% - 40% - 2:51
PK Defense
1 - 60% - 60% - 4:46
2 - 40% - 40% - 3:10
PK3 Forward
1 - 0% - 60%
2 - 0% - 40%
PK3 Defense
1 - 0% - 60%
2 - 0% - 40%
44 Forward
1 - 94% - 60% - 1:36
2 - 6% - 40% - 0:06
44 Defense
1 - 65% - 60% - 1:06
2 - 35% - 40% - 0:36
Last Minute Offensive  - 0:00
Last Minute Defensive  - 0:00
Total
Forward - 61:42
Defense - 61:42

Play-by-Play

1st period


0:01 of 1st period - Jack Eichel wins face-off versus Peyton Krebs in neutral zone.
0:01 of 1st period - Alex Tuch is hit by Peyton Krebs and loses puck.
1:13 of 1st period - Shot by Emil Bemstrom.
1:13 of 1st period - Stopped by Igor Shesterkin without a rebound.
1:14 of 1st period - Paul Cotter wins face-off versus Jesper Bratt in BUFFALO Sabres zone.
1:20 of 1st period - Nicklas Backstrom is hit by Ryan Graves and loses puck.
1:50 of 1st period - Cam Atkinson is hit by Filip Hronek and loses puck.
2:28 of 1st period - Icing by Jakob Chychrun.
2:29 of 1st period - Jesperi Kotkaniemi wins face-off versus Tage Thompson in BUFFALO Sabres zone.
2:43 of 1st period - Shot by Brendan Gallagher.
2:43 of 1st period - Stopped by Igor Shesterkin with a rebound.
2:53 of 1st period - Shot by Emil Bemstrom.
2:53 of 1st period - Stopped by Igor Shesterkin without a rebound.
2:54 of 1st period - Peyton Krebs wins face-off versus Nick Bjugstad in BUFFALO Sabres zone.
3:05 of 1st period - Shot by Sonny Milano.
3:05 of 1st period - Shot Misses the Net.
3:15 of 1st period - Shot by Peyton Krebs.
3:15 of 1st period - Shot Misses the Net.
3:17 of 1st period - Shot by Conor Timmins.
3:17 of 1st period - Goal by Conor Timmins - BUFFALO Sabres : 0 - DALLAS Stars : 1.
3:18 of 1st period - Jesperi Kotkaniemi wins face-off versus Nico Hischier in neutral zone.
4:26 of 1st period - Shot by Patrick Kane.
4:26 of 1st period - Stopped by Matthew Villalta without a rebound.
4:27 of 1st period - Tage Thompson wins face-off versus Alexander Radulov in DALLAS Stars zone.
5:05 of 1st period - Shot by Andreas Johnsson.
5:05 of 1st period - Shot Misses the Net.
5:22 of 1st period - Filip Hronek is hit by Conor Timmins and loses puck.
6:15 of 1st period - Shot by Ivan Provorov.
6:15 of 1st period - Stopped by Matthew Villalta without a rebound.
6:16 of 1st period - Nick Bjugstad wins face-off versus Peyton Krebs in DALLAS Stars zone.
6:30 of 1st period - Icing by Ryan Suter.
6:31 of 1st period - Nico Hischier wins face-off versus Peyton Krebs in DALLAS Stars zone.
7:04 of 1st period - Shot by Nico Hischier.
7:04 of 1st period - Shot Misses the Net.
7:42 of 1st period - Shot by Brendan Gallagher.
7:42 of 1st period - Shot Hit the Post.
7:48 of 1st period - Shot by Alex Tuch.
7:48 of 1st period - Stopped by Matthew Villalta without a rebound.
7:49 of 1st period - Alexander Radulov wins face-off versus Nick Bjugstad in DALLAS Stars zone.
7:49 of 1st period - Alexander Radulov is hit by Curtis Lazar.
8:03 of 1st period - Shot by Alexander Radulov.
8:03 of 1st period - Shot Misses the Net.
8:05 of 1st period - Shot by Andreas Johnsson.
8:05 of 1st period - Stopped by Igor Shesterkin without a rebound.
8:06 of 1st period - Paul Cotter wins face-off versus Alex Tuch in BUFFALO Sabres zone.
8:06 of 1st period - Paul Cotter is hit by Jakob Chychrun.
8:30 of 1st period - Cam Atkinson is hit by Jack Eichel and loses puck.
8:51 of 1st period - Shot by Alex Tuch.
8:51 of 1st period - Deflect By Jack Eichel.
8:51 of 1st period - Stopped by Matthew Villalta without a rebound.
8:52 of 1st period - Nico Hischier wins face-off versus Jesperi Kotkaniemi in DALLAS Stars zone.
8:52 of 1st period - Jesper Bratt is hit by Juuso Valimaki and loses puck.
9:08 of 1st period - Jesper Bratt is hit by Juuso Valimaki and loses puck.
9:19 of 1st period - Shot by Jesper Bratt.
9:19 of 1st period - Stopped by Matthew Villalta without a rebound.
9:20 of 1st period - Peyton Krebs wins face-off versus Nick Bjugstad in DALLAS Stars zone.
9:32 of 1st period - Shot by Curtis Lazar.
9:32 of 1st period - Stopped by Matthew Villalta without a rebound.
9:33 of 1st period - Jack Eichel wins face-off versus Andreas Johnsson in DALLAS Stars zone.
9:46 of 1st period - Shot by Andreas Johnsson.
9:46 of 1st period - Stopped by Igor Shesterkin without a rebound.
9:47 of 1st period - Sonny Milano wins face-off versus Tage Thompson in BUFFALO Sabres zone.
9:51 of 1st period - Aliaksei Protas is hit by Filip Hronek and loses puck.
10:44 of 1st period - Shot by Alex Tuch.
10:44 of 1st period - Deflect By Jack Eichel.
10:44 of 1st period - Stopped by Matthew Villalta without a rebound.
10:45 of 1st period - Nico Hischier wins face-off versus Emil Bemstrom in DALLAS Stars zone.
11:00 of 1st period - Shot by Nico Hischier.
11:00 of 1st period - Stopped by Matthew Villalta with a rebound.
11:02 of 1st period - Shot by Ivan Provorov.
11:02 of 1st period - Stopped by Matthew Villalta without a rebound.
11:03 of 1st period - Jack Eichel wins face-off versus Alexander Radulov in DALLAS Stars zone.
11:03 of 1st period - Jakob Chychrun is hit by Sean Walker and loses puck.
13:05 of 1st period - Shot by Valeri Nichushkin.
13:05 of 1st period - Stopped by Matthew Villalta without a rebound.
13:06 of 1st period - Nick Bjugstad wins face-off versus Peyton Krebs in DALLAS Stars zone.
13:11 of 1st period - Shot by Mason McTavish.
13:11 of 1st period - Shot Misses the Net.
13:26 of 1st period - Shot by Mason McTavish.
13:26 of 1st period - Stopped by Matthew Villalta with a rebound.
13:38 of 1st period - Shot by Filip Hronek.
13:38 of 1st period - Stopped by Matthew Villalta with a rebound.
13:40 of 1st period - Shot by Filip Hronek.
13:40 of 1st period - Stopped by Matthew Villalta without a rebound.
13:41 of 1st period - Nico Hischier wins face-off versus Paul Cotter in DALLAS Stars zone.
14:14 of 1st period - Shot by Jesper Bratt.
14:14 of 1st period - Stopped by Matthew Villalta with a rebound.
14:16 of 1st period - Shot by Nico Hischier.
14:16 of 1st period - Shot Blocked by Ben Hutton.
14:18 of 1st period - Shot by Valeri Nichushkin.
14:18 of 1st period - Goal by Valeri Nichushkin - BUFFALO Sabres : 1 - DALLAS Stars : 1.
14:19 of 1st period - Tage Thompson wins face-off versus Peyton Krebs in neutral zone.
14:32 of 1st period - Shot by Tage Thompson.
14:32 of 1st period - Stopped by Matthew Villalta without a rebound.
14:33 of 1st period - Emil Bemstrom wins face-off versus Alex Tuch in DALLAS Stars zone.
14:33 of 1st period - Emil Bemstrom is hit by Jack Eichel.
14:34 of 1st period - Minor Penalty to Jack Eichel for Tripping.
14:35 of 1st period - Jesperi Kotkaniemi wins face-off versus Nico Hischier in BUFFALO Sabres zone.
14:38 of 1st period - Shot by Juuso Valimaki.
14:38 of 1st period - Stopped by Igor Shesterkin with a rebound.
14:40 of 1st period - Shot by Grigori Denisenko.
14:40 of 1st period - Stopped by Igor Shesterkin without a rebound.
14:41 of 1st period - Jesperi Kotkaniemi wins face-off versus Nico Hischier in BUFFALO Sabres zone.
14:48 of 1st period - Shot by Jesperi Kotkaniemi.
14:48 of 1st period - Stopped by Igor Shesterkin with a rebound.
14:50 of 1st period - Shot by Ryan Suter.
14:50 of 1st period - Stopped by Igor Shesterkin without a rebound.
14:51 of 1st period - Nico Hischier wins face-off versus Jesperi Kotkaniemi in BUFFALO Sabres zone.
15:52 of 1st period - Shot by Ben Hutton.
15:52 of 1st period - Stopped by Igor Shesterkin without a rebound.
15:53 of 1st period - Nick Bjugstad wins face-off versus Peyton Krebs in BUFFALO Sabres zone.
16:03 of 1st period - Icing by Sonny Milano.
16:04 of 1st period - Nico Hischier wins face-off versus Peyton Krebs in DALLAS Stars zone.
16:33 of 1st period - Shot by Ben Hutton.
16:33 of 1st period - Stopped by Igor Shesterkin without a rebound.
16:34 of 1st period - Paul Cotter wins face-off versus Jack Eichel in BUFFALO Sabres zone.
16:37 of 1st period - Shot by Nicklas Backstrom.
16:37 of 1st period - Shot Misses the Net.
16:40 of 1st period - Icing by Ryan Graves.
16:41 of 1st period - Jack Eichel wins face-off versus Paul Cotter in BUFFALO Sabres zone.
16:48 of 1st period - Shot by Nicklas Backstrom.
16:48 of 1st period - Deflect By Cam Atkinson.
16:48 of 1st period - Stopped by Igor Shesterkin without a rebound.
16:49 of 1st period - Jack Eichel wins face-off versus Peyton Krebs in BUFFALO Sabres zone.
16:49 of 1st period - Jack Eichel is hit by Aliaksei Protas.
17:40 of 1st period - Minor Penalty to Nico Hischier for Holding.
17:41 of 1st period - Jesperi Kotkaniemi wins face-off versus Nick Bjugstad in BUFFALO Sabres zone.
18:56 of 1st period - Shot by Juuso Valimaki.
18:56 of 1st period - Shot Misses the Net.
19:37 of 1st period - Icing by Ben Hutton.
19:38 of 1st period - Jesperi Kotkaniemi wins face-off versus Curtis Lazar in DALLAS Stars zone.
19:42 of 1st period - Icing by Brendan Gallagher.
19:43 of 1st period - Nico Hischier wins face-off versus Paul Cotter in DALLAS Stars zone.
Goals for this period are 1 for BUFFALO Sabres vs 1 for DALLAS Stars.
Shots for this period are 16 for BUFFALO Sabres vs 13 for DALLAS Stars.

2nd period


0:01 of 2nd period - Jesperi Kotkaniemi wins face-off versus Nico Hischier in neutral zone.
0:20 of 2nd period - Shot by Nico Hischier.
0:20 of 2nd period - Shot Blocked by Jesperi Kotkaniemi.
0:22 of 2nd period - Shot by Nico Hischier.
0:22 of 2nd period - Shot Misses the Net.
0:24 of 2nd period - Shot by Nico Hischier.
0:24 of 2nd period - Shot Misses the Net.
0:30 of 2nd period - Shot by Jesper Bratt.
0:30 of 2nd period - Goal by Jesper Bratt - BUFFALO Sabres : 2 - DALLAS Stars : 1.
0:31 of 2nd period - Jack Eichel wins face-off versus Aliaksei Protas in neutral zone.
0:31 of 2nd period - Jack Eichel is hit by Sonny Milano.
0:42 of 2nd period - Off-side.
0:43 of 2nd period - Tage Thompson wins face-off versus Alexander Radulov in neutral zone.
0:57 of 2nd period - Minor Penalty to Sean Walker for Tripping.
0:58 of 2nd period - Nico Hischier wins face-off versus Grigori Denisenko in DALLAS Stars zone.
1:14 of 2nd period - Icing by Nico Hischier.
1:15 of 2nd period - Nico Hischier wins face-off versus Grigori Denisenko in BUFFALO Sabres zone.
1:50 of 2nd period - Icing by Alex Tuch.
1:51 of 2nd period - Grigori Denisenko wins face-off versus Nico Hischier in BUFFALO Sabres zone.
2:54 of 2nd period - Shot by Sonny Milano.
2:54 of 2nd period - Shot Misses the Net.
3:28 of 2nd period - Shot by Paul Cotter.
3:28 of 2nd period - Goal by Paul Cotter - BUFFALO Sabres : 2 - DALLAS Stars : 2.
3:29 of 2nd period - Jesperi Kotkaniemi wins face-off versus Jack Eichel in neutral zone.
4:37 of 2nd period - Sonny Milano is hit by Filip Hronek and loses puck.
5:15 of 2nd period - Shot by Cam Atkinson.
5:15 of 2nd period - Shot Misses the Net.
5:17 of 2nd period - Shot by Ben Hutton.
5:17 of 2nd period - Shot Blocked by Filip Hronek.
5:26 of 2nd period - Paul Cotter is hit by Filip Hronek and loses puck.
5:59 of 2nd period - Shot by Andreas Johnsson.
5:59 of 2nd period - Shot Misses the Net.
6:59 of 2nd period - Icing by Jakob Chychrun.
7:00 of 2nd period - Peyton Krebs wins face-off versus Seth Jarvis in BUFFALO Sabres zone.
7:00 of 2nd period - Peyton Krebs is hit by Brett Kulak.
7:18 of 2nd period - Shot by Sonny Milano.
7:18 of 2nd period - Shot Blocked by Jakob Chychrun.
7:20 of 2nd period - Shot by Peyton Krebs.
7:20 of 2nd period - Stopped by Igor Shesterkin without a rebound.
7:21 of 2nd period - Jesperi Kotkaniemi wins face-off versus Jack Eichel in BUFFALO Sabres zone.
7:41 of 2nd period - Minor Penalty to Brendan Gallagher for Tripping.
7:42 of 2nd period - Nico Hischier wins face-off versus Grigori Denisenko in DALLAS Stars zone.
7:45 of 2nd period - Shot by Jonas Brodin.
7:45 of 2nd period - Shot Blocked by Ben Hutton.
8:30 of 2nd period - Shot by Jack Eichel.
8:30 of 2nd period - Stopped by Matthew Villalta without a rebound.
8:31 of 2nd period - Sonny Milano wins face-off versus Jack Eichel in DALLAS Stars zone.
8:31 of 2nd period - Sonny Milano is hit by Tage Thompson.
8:50 of 2nd period - Shot by Ivan Provorov.
8:50 of 2nd period - Shot Misses the Net.
8:58 of 2nd period - Shot by Jonas Brodin.
8:58 of 2nd period - Stopped by Matthew Villalta without a rebound.
8:59 of 2nd period - Nico Hischier wins face-off versus Sonny Milano in DALLAS Stars zone.
8:59 of 2nd period - Nico Hischier is hit by Sean Walker.
9:01 of 2nd period - Shot by Ryan Graves.
9:01 of 2nd period - Shot Misses the Net.
9:03 of 2nd period - Shot by Nico Hischier.
9:03 of 2nd period - Shot Misses the Net.
9:05 of 2nd period - Shot by Ryan Graves.
9:05 of 2nd period - Stopped by Matthew Villalta with a rebound.
11:08 of 2nd period - Icing by Ivan Provorov.
11:09 of 2nd period - Tage Thompson wins face-off versus Aliaksei Protas in BUFFALO Sabres zone.
11:09 of 2nd period - Tage Thompson is hit by Aliaksei Protas.
11:18 of 2nd period - Icing by Peyton Krebs.
11:19 of 2nd period - Jack Eichel wins face-off versus Peyton Krebs in DALLAS Stars zone.
11:19 of 2nd period - Filip Hronek is hit by Sean Walker and loses puck.
11:45 of 2nd period - Patrick Kane is hit by Sean Walker and loses puck.
11:49 of 2nd period - Minor Penalty to Sean Walker for Roughing.
11:50 of 2nd period - Jesper Bratt wins face-off versus Grigori Denisenko in DALLAS Stars zone.
12:52 of 2nd period - Shot by Ryan Graves.
12:52 of 2nd period - Stopped by Matthew Villalta with a rebound.
13:12 of 2nd period - Alexander Radulov is hit by Valeri Nichushkin.
13:24 of 2nd period - Shot by Ryan Suter.
13:24 of 2nd period - Stopped by Igor Shesterkin without a rebound.
13:25 of 2nd period - Nico Hischier wins face-off versus Grigori Denisenko in BUFFALO Sabres zone.
15:10 of 2nd period - Minor Penalty to Peyton Krebs for Slashing.
15:11 of 2nd period - Jack Eichel wins face-off versus Grigori Denisenko in DALLAS Stars zone.
15:12 of 2nd period - Shot by Tage Thompson.
15:12 of 2nd period - Shot Misses the Net.
15:40 of 2nd period - Shot by Jonas Brodin.
15:40 of 2nd period - Stopped by Matthew Villalta without a rebound.
15:41 of 2nd period - Grigori Denisenko wins face-off versus Jesper Bratt in DALLAS Stars zone.
16:46 of 2nd period - Shot by Ivan Provorov.
16:46 of 2nd period - Stopped by Matthew Villalta without a rebound.
16:47 of 2nd period - Alexander Radulov wins face-off versus Jack Eichel in DALLAS Stars zone.
17:34 of 2nd period - Shot by Nick Bjugstad.
17:34 of 2nd period - Shot Misses the Net.
17:36 of 2nd period - Shot by Mason McTavish.
17:36 of 2nd period - Shot Misses the Net.
17:38 of 2nd period - Shot by Mason McTavish.
17:38 of 2nd period - Shot Misses the Net.
17:48 of 2nd period - Shot by Mason McTavish.
17:48 of 2nd period - Shot Misses the Net.
17:50 of 2nd period - Shot by Brett Kulak.
17:50 of 2nd period - Stopped by Matthew Villalta with a rebound.
18:52 of 2nd period - Ivan Provorov is hit by Brendan Gallagher and loses puck.
19:21 of 2nd period - Shot by Nico Hischier.
19:21 of 2nd period - Shot Misses the Net.
19:23 of 2nd period - Shot by Jonas Brodin.
19:23 of 2nd period - Stopped by Matthew Villalta without a rebound.
19:24 of 2nd period - Peyton Krebs wins face-off versus Seth Jarvis in DALLAS Stars zone.
19:24 of 2nd period - Peyton Krebs is hit by Logan O'Connor.
19:48 of 2nd period - Shot by Brett Kulak.
19:48 of 2nd period - Shot Blocked by Conor Timmins.
19:55 of 2nd period - Icing by Darren Raddysh.
19:56 of 2nd period - Jack Eichel wins face-off versus Peyton Krebs in DALLAS Stars zone.
19:56 of 2nd period - Ryan Graves is hit by Conor Timmins and loses puck.
Goals for this period are 1 for BUFFALO Sabres vs 1 for DALLAS Stars.
Shots for this period are 9 for BUFFALO Sabres vs 3 for DALLAS Stars.

3rd period


0:01 of 3rd period - Sonny Milano wins face-off versus Jack Eichel in neutral zone.
0:16 of 3rd period - Shot by Jack Eichel.
0:16 of 3rd period - Shot Misses the Net.
0:23 of 3rd period - Alex Tuch is hit by Ryan Suter and loses puck.
0:28 of 3rd period - Shot by Jack Eichel.
0:28 of 3rd period - Shot Misses the Net.
0:30 of 3rd period - Shot by Jonas Brodin.
0:30 of 3rd period - Shot Misses the Net.
0:35 of 3rd period - Patrick Kane is hit by Ryan Suter and loses puck.
0:45 of 3rd period - Alex Tuch is hit by Juuso Valimaki and loses puck.
1:21 of 3rd period - Shot by Emil Bemstrom.
1:21 of 3rd period - Shot Misses the Net.
1:23 of 3rd period - Shot by Jesperi Kotkaniemi.
1:23 of 3rd period - Shot Misses the Net.
1:25 of 3rd period - Shot by Darren Raddysh.
1:25 of 3rd period - Shot Misses the Net.
1:29 of 3rd period - Shot by Emil Bemstrom.
1:29 of 3rd period - Stopped by Igor Shesterkin without a rebound.
1:30 of 3rd period - Alexander Radulov wins face-off versus Tage Thompson in BUFFALO Sabres zone.
1:30 of 3rd period - Sean Walker is hit by Jakob Chychrun and loses puck.
1:38 of 3rd period - Alexander Radulov is hit by Jakob Chychrun and loses puck.
2:00 of 3rd period - Andreas Johnsson is hit by Jakob Chychrun and loses puck.
2:08 of 3rd period - Minor Penalty to Jakob Chychrun for Roughing.
2:09 of 3rd period - Nico Hischier wins face-off versus Peyton Krebs in BUFFALO Sabres zone.
2:15 of 3rd period - Icing by Peyton Krebs.
2:16 of 3rd period - Nico Hischier wins face-off versus Peyton Krebs in DALLAS Stars zone.
2:39 of 3rd period - Shot by Peyton Krebs.
2:39 of 3rd period - Stopped by Igor Shesterkin without a rebound.
2:40 of 3rd period - Nick Bjugstad wins face-off versus Jesperi Kotkaniemi in BUFFALO Sabres zone.
2:51 of 3rd period - Shot by Conor Timmins.
2:51 of 3rd period - Stopped by Igor Shesterkin without a rebound.
2:52 of 3rd period - Jesperi Kotkaniemi wins face-off versus Nico Hischier in BUFFALO Sabres zone.
4:05 of 3rd period - Shot by Peyton Krebs.
4:05 of 3rd period - Stopped by Igor Shesterkin without a rebound.
4:06 of 3rd period - Peyton Krebs wins face-off versus Nico Hischier in BUFFALO Sabres zone.
4:11 of 3rd period - Shot by Paul Cotter.
4:11 of 3rd period - Stopped by Igor Shesterkin without a rebound.
4:12 of 3rd period - Paul Cotter wins face-off versus Nick Bjugstad in BUFFALO Sabres zone.
4:16 of 3rd period - Icing by Filip Hronek.
4:17 of 3rd period - Paul Cotter wins face-off versus Nick Bjugstad in BUFFALO Sabres zone.
4:44 of 3rd period - Shot by Nick Bjugstad.
4:44 of 3rd period - Shot Misses the Net.
5:01 of 3rd period - Icing by Ryan Suter.
5:02 of 3rd period - Jack Eichel wins face-off versus Paul Cotter in DALLAS Stars zone.
5:03 of 3rd period - Shot by Patrick Kane.
5:03 of 3rd period - Stopped by Matthew Villalta without a rebound.
5:04 of 3rd period - Jack Eichel wins face-off versus Peyton Krebs in DALLAS Stars zone.
5:04 of 3rd period - Alex Tuch is hit by Darren Raddysh and loses puck.
5:07 of 3rd period - Shot by Jonas Brodin.
5:07 of 3rd period - Stopped by Matthew Villalta without a rebound.
5:08 of 3rd period - Peyton Krebs wins face-off versus Alex Tuch in DALLAS Stars zone.
5:19 of 3rd period - Shot by Jack Eichel.
5:19 of 3rd period - Stopped by Matthew Villalta with a rebound.
6:27 of 3rd period - Nico Hischier is hit by Juuso Valimaki and loses puck.
6:44 of 3rd period - Shot by Valeri Nichushkin.
6:44 of 3rd period - Shot Misses the Net.
6:58 of 3rd period - Shot by Jesper Bratt.
6:58 of 3rd period - Shot Hit the Post.
7:00 of 3rd period - Shot by Ryan Graves.
7:00 of 3rd period - Stopped by Matthew Villalta with a rebound.
7:07 of 3rd period - Icing by Ryan Suter.
7:08 of 3rd period - Tage Thompson wins face-off versus Jesperi Kotkaniemi in DALLAS Stars zone.
7:24 of 3rd period - Juuso Valimaki is hit by Logan O'Connor and loses puck.
7:47 of 3rd period - Tage Thompson is hit by Grigori Denisenko and loses puck.
8:09 of 3rd period - Sean Walker is hit by Curtis Lazar and loses puck.
8:39 of 3rd period - Peyton Krebs is hit by Jonas Brodin and loses puck.
8:41 of 3rd period - Minor Penalty to Jonas Brodin for Hooking.
8:42 of 3rd period - Peyton Krebs wins face-off versus Nico Hischier in BUFFALO Sabres zone.
9:38 of 3rd period - Shot by Ryan Suter.
9:38 of 3rd period - Shot Blocked by Ivan Provorov.
10:42 of 3rd period - Shot by Cam Atkinson.
10:42 of 3rd period - Stopped by Igor Shesterkin without a rebound.
10:43 of 3rd period - Nick Bjugstad wins face-off versus Paul Cotter in BUFFALO Sabres zone.
11:12 of 3rd period - Shot by Nick Bjugstad.
11:12 of 3rd period - Shot Hit the Post.
11:14 of 3rd period - Shot by Jonas Brodin.
11:14 of 3rd period - Shot Misses the Net.
12:08 of 3rd period - Shot by Alexander Radulov.
12:08 of 3rd period - Stopped by Igor Shesterkin without a rebound.
12:09 of 3rd period - Jack Eichel wins face-off versus Peyton Krebs in BUFFALO Sabres zone.
12:23 of 3rd period - Alex Tuch is hit by Juuso Valimaki and loses puck.
13:02 of 3rd period - Valeri Nichushkin is hit by Juuso Valimaki and loses puck.
13:09 of 3rd period - Shot by Jesper Bratt.
13:09 of 3rd period - Stopped by Matthew Villalta with a rebound.
13:19 of 3rd period - Shot by Nico Hischier.
13:19 of 3rd period - Stopped by Matthew Villalta without a rebound.
13:20 of 3rd period - Tage Thompson wins face-off versus Brendan Gallagher in DALLAS Stars zone.
13:20 of 3rd period - Jakob Chychrun is hit by Ben Hutton and loses puck.
13:27 of 3rd period - Shot by Logan O'Connor.
13:27 of 3rd period - Shot Blocked by Sean Walker.
13:29 of 3rd period - Shot by Jakob Chychrun.
13:29 of 3rd period - Shot Misses the Net.
13:31 of 3rd period - Shot by Logan O'Connor.
13:31 of 3rd period - Shot Blocked by Jesperi Kotkaniemi.
13:33 of 3rd period - Shot by Brett Kulak.
13:33 of 3rd period - Shot Misses the Net.
13:40 of 3rd period - Seth Jarvis is hit by Sean Walker and loses puck.
13:49 of 3rd period - Shot by Logan O'Connor.
13:49 of 3rd period - Shot Blocked by Ben Hutton.
14:04 of 3rd period - Seth Jarvis is hit by Sean Walker and loses puck.
14:12 of 3rd period - Icing by Ben Hutton.
14:13 of 3rd period - Brendan Gallagher wins face-off versus Nico Hischier in DALLAS Stars zone.
14:13 of 3rd period - Brendan Gallagher is hit by Valeri Nichushkin.
15:37 of 3rd period - Shot by Patrick Kane.
15:37 of 3rd period - Shot Blocked by Ryan Suter.
16:36 of 3rd period - Shot by Seth Jarvis.
16:36 of 3rd period - Shot Blocked by Ben Hutton.
16:38 of 3rd period - Shot by Brett Kulak.
16:38 of 3rd period - Shot Misses the Net.
16:48 of 3rd period - Shot by Seth Jarvis.
16:48 of 3rd period - Shot Misses the Net.
16:50 of 3rd period - Shot by Brett Kulak.
16:50 of 3rd period - Stopped by Matthew Villalta without a rebound.
16:51 of 3rd period - Nick Bjugstad wins face-off versus Jesperi Kotkaniemi in DALLAS Stars zone.
16:59 of 3rd period - Jesperi Kotkaniemi is hit by Nick Bjugstad and loses puck.
17:03 of 3rd period - Off-side.
17:04 of 3rd period - Alexander Radulov wins face-off versus Nico Hischier in neutral zone.
17:06 of 3rd period - Darren Raddysh is hit by Brett Kulak and loses puck.
17:19 of 3rd period - Icing by Andreas Johnsson.
17:20 of 3rd period - Seth Jarvis wins face-off versus Alexander Radulov in DALLAS Stars zone.
17:28 of 3rd period - Alexander Radulov is hit by Filip Hronek and loses puck.
18:43 of 3rd period - Jesper Bratt is hit by Juuso Valimaki and loses puck.
18:46 of 3rd period - Shot by Jesper Bratt.
18:46 of 3rd period - Stopped by Matthew Villalta with a rebound.
18:48 of 3rd period - Shot by Valeri Nichushkin.
18:48 of 3rd period - Shot Blocked by Juuso Valimaki.
19:32 of 3rd period - Brendan Gallagher is hit by Jack Eichel and loses puck.
19:38 of 3rd period - Emil Bemstrom is hit by Alex Tuch and loses puck.
19:42 of 3rd period - Minor Penalty to Brett Kulak for Tripping.
19:43 of 3rd period - Jesperi Kotkaniemi wins face-off versus Nico Hischier in BUFFALO Sabres zone.
19:46 of 3rd period - Shot by Ben Hutton.
19:46 of 3rd period - Shot Misses the Net.
19:48 of 3rd period - Shot by Ben Hutton.
19:48 of 3rd period - Shot Blocked by Ivan Provorov.
19:50 of 3rd period - Shot by Ben Hutton.
19:50 of 3rd period - Shot Misses the Net.
19:52 of 3rd period - Shot by Grigori Denisenko.
19:52 of 3rd period - Shot Blocked by Ivan Provorov.
Goals for this period are 0 for BUFFALO Sabres vs 0 for DALLAS Stars.
Shots for this period are 8 for BUFFALO Sabres vs 7 for DALLAS Stars.

Overtime #1


0:01 of 1st overtime period - Nico Hischier wins face-off versus Jesperi Kotkaniemi in neutral zone.
0:36 of 1st overtime period - Shot by Jesperi Kotkaniemi.
0:36 of 1st overtime period - Stopped by Igor Shesterkin without a rebound.
0:37 of 1st overtime period - Jesperi Kotkaniemi wins face-off versus Nico Hischier in BUFFALO Sabres zone.
0:42 of 1st overtime period - Shot by Ryan Suter.
0:42 of 1st overtime period - Shot Hit the Post.
0:44 of 1st overtime period - Shot by Jesperi Kotkaniemi.
0:44 of 1st overtime period - Stopped by Igor Shesterkin without a rebound.
0:45 of 1st overtime period - Nico Hischier wins face-off versus Jesperi Kotkaniemi in BUFFALO Sabres zone.
1:06 of 1st overtime period - Shot by Ryan Suter.
1:06 of 1st overtime period - Stopped by Igor Shesterkin without a rebound.
1:07 of 1st overtime period - Jesperi Kotkaniemi wins face-off versus Nico Hischier in BUFFALO Sabres zone.
1:35 of 1st overtime period - Off-side.
1:36 of 1st overtime period - Peyton Krebs wins face-off versus Nick Bjugstad in neutral zone.
1:45 of 1st overtime period - Shot by Sonny Milano.
1:45 of 1st overtime period - Shot Misses the Net.
1:55 of 1st overtime period - Shot by Sonny Milano.
1:55 of 1st overtime period - Stopped by Igor Shesterkin without a rebound.
1:56 of 1st overtime period - Nick Bjugstad wins face-off versus Nicklas Backstrom in BUFFALO Sabres zone.
2:13 of 1st overtime period - Shot by Alex Tuch.
2:13 of 1st overtime period - Shot Misses the Net.
2:15 of 1st overtime period - Shot by Jonas Brodin.
2:15 of 1st overtime period - Deflect By Alex Tuch.
2:15 of 1st overtime period - Goal by Alex Tuch - BUFFALO Sabres : 3 - DALLAS Stars : 2.
Goals for this period are 1 for BUFFALO Sabres vs 0 for DALLAS Stars.
Shots for this period are 1 for BUFFALO Sabres vs 4 for DALLAS Stars. Output by the SimonT Hockey Simulator (STHS) for Martin Benoit - Original Page W3C HTML5 Valid
Hockey Simulator - Hockey Simulation - Hockey Manager